 Dungeon Crawl Stone Soup version 0.17-a0-915-g8914353 (webtiles) character file.

16500 oplop the Spear-Bearer (level 12, -1/87 HPs)
             Began as a Merfolk Ice Elementalist on May 4, 2015.
             Was a High Priest of Cheibriados.
             Killed by Ozocubu's Refrigeration
             ... invoked by Fannar
              (21 damage)
             ... on level 1 of the Lair of Beasts.
             The game lasted 00:44:29 (13403 turns).

oplop the Spear-Bearer (Merfolk Ice Elementalist)  Turns: 13403, Time: 00:44:35

Health: -1/87      AC: 16    Str: 21    XL:     12   Next: 38%
Magic:  19/34      EV: 17    Int: 30    God:    Cheibriados [*****.]
Gold:   640        SH:  9    Dex: 31    Spells: 6 memorised, 12 levels left

rFire  . . .     SeeInvis +     V - +3 halberd
rCold  . . .     Clarity  .     a - +0 robe
rNeg   . . .     SustAb   .     (no shield)
rPois  +         Gourm    .     (no helmet)
rElec  +         Spirit   .     o - +1 cloak
rCorr  +         Warding  .     (no gloves)
rMut   .         Stasis   .     O - +1 pair of boots
MR     .....                    g - amulet "Him Ciy" {rCorr +Blink rPois Dex+2}
Stlth  +++.......               Y - +4 ring of slaying
                                j - ring of magical power

@: icy armour, icy shield, hasted, slow, not resistant to hostile enchantments,
fairly stealthy
A: change form in water, swift swim, yellow scales 1, see invisible, agile 1,
breathe flames 1, electricity resistance, slow healing 1
a: Bend Time, Temporal Distortion, Slouch, Step From Time, Renounce Religion,
Breathe Fire, Evoke Blink


You were on level 1 of the Lair of Beasts.
You worshipped Cheibriados.
Cheibriados was extremely pleased with you.
You were not hungry.

You visited 3 branches of the dungeon, and saw 14 of its levels.
You also visited: Ossuary and Ice Cave.

You collected 916 gold pieces.
You spent 276 gold pieces at shops.

Inventory:

Hand weapons
 C - a +0 blowgun
 G - a +0 short sword of distortion
 S - a +3 bardiche of protection
 V - a +3 halberd (weapon)
Missiles
 x - 21 poisoned needles
 A - 8 curare-tipped needles
Armour
 a - a +0 robe (worn)
 o - a +1 cloak (worn)
 O - a +1 pair of boots (worn)
Jewellery
 g - the amulet "Him Ciy" (around neck) {rCorr +Blink rPois Dex+2}
   (You found it on level 4 of the Dungeon)

   [amulet of resist corrosion]

   It protects you from acid and corrosion.
   It affects your dexterity (+2).
   It protects you from poison.
   It lets you blink.
 j - a ring of magical power (left hand)
 R - an uncursed amulet of clarity
 Y - a +4 ring of slaying (right hand)
Magical devices
 n - a wand of fire (4)
 Q - a wand of lightning (4)
 T - a wand of paralysis (6)
 U - a wand of flame (17)
Scrolls
 f - 3 scrolls of recharging
 i - 2 scrolls of noise
 k - a scroll of enchant armour
 l - 7 scrolls of identify
 m - 5 scrolls of remove curse
 q - 4 scrolls of amnesia
 r - 5 scrolls of teleportation
 y - a scroll of fog
 E - a scroll of magic mapping
Potions
 d - 3 potions of cure mutation
 e - 4 potions of agility
 h - 2 potions of flight
 s - 4 potions of haste
 t - 2 potions of degeneration {unknown}
 u - a potion of heal wounds {unknown}
 v - a potion of invisibility {unknown}
 w - 3 potions of poison {unknown}
 z - a potion of resistance
 F - a potion of curing
 K - a potion of lignification {unknown}
 L - a potion of might {unknown}
 M - a potion of cancellation {unknown}
 P - a potion of berserk rage {unknown}
 X - a potion of magic
Books
 b - a book of Frost

   Spells                             Type                      Level
   a - Freeze                         Ice                          1
   b - Throw Frost                    Conjuration/Ice              2
   c - Ozocubu's Armour               Charms/Ice                   3
   d - Throw Icicle                   Conjuration/Ice              4
   e - Summon Ice Beast               Ice/Summoning                4
   f - Condensation Shield            Ice                          4
 I - a Necronomicon {highlevel}

   This book is beyond your current level of understanding.

   Spells                             Type                      Level
   a - Haunt                          Necromancy/Summoning         7
   b - Borgnjor's Revivification      Necromancy                   8
   c - Death's Door                   Charms/Necromancy            8
   d - Necromutation                  Transmutation/Necromancy     8
 Z - a book of Debilitation

   Spells                             Type                      Level
   a - Corona                         Hexes                        1
   b - Slow                           Hexes                        2
   c - Gell's Gravitas                Hexes/Translocation          3
   d - Inner Flame                    Hexes/Fire                   3
   e - Cause Fear                     Hexes                        4
   f - Leda's Liquefaction            Hexes/Earth                  4
Comestibles
 c - 6 bread rations
 p - 4 meat rations
 B - 5 fruits
 D - 5 royal jellies


   Skills:
 - Level 5.8 Fighting
 - Level 0.2 Short Blades
 + Level 12.7 Polearms
 + Level 4.2 Dodging
 - Level 2.2 Stealth
 + Level 9.9 Spellcasting
 - Level 0.7 Conjurations
 - Level 11.5 Ice Magic
 + Level 8.5 Invocations


You had 12 spell levels left.
You knew the following spells:

 Your Spells              Type           Power        Failure   Level  Hunger
a - Freeze                Ice            ####         1%          1    None
b - Ozocubu's Armour      Chrm/Ice       #####...     1%          3    None
c - Throw Frost           Conj/Ice       ######       1%          2    None
d - Condensation Shield   Ice            ######....   1%          4    None
e - Summon Ice Beast      Ice/Summ       #####...     3%          4    None
f - Throw Icicle          Conj/Ice       ######..     2%          4    None


Dungeon Overview and Level Annotations

Branches:
Dungeon (12/15)            Temple (1/1) D:7            Lair (1/8) D:9
    Orc: D:9-12

Altars:
Ashenzari
Cheibriados
Dithmenos
Elyvilon
Fedhas
Gozag
Kikubaaqudgha
Makhleb
Nemelex Xobeh
Okawaru
Qazlal
Ru
Sif Muna
Trog
Vehumet
Xom
Yredelemnul
Zin
The Shining One

Shops:
D:6 =   D:7 ?   D:9 *

Annotations:
D:3 Grinder
D:7 1 runed door, Joseph
D:10 Snorg
D:11 exclusions: frost giant and ice dragon
Lair:1 Fannar


Innate Abilities, Weirdness & Mutations

You revert to your normal form in water.
You are very nimble and swift while swimming.
You are partially covered in yellow scales (AC +2).
You have supernaturally acute eyesight.
You are agile. (Dex +2)
You can breathe flames.
You are resistant to electric shocks.
You heal slowly when monsters are visible.


Message History

The ice beast barely misses your ice beast.
Your ice beast closely misses Fannar.
Your ice beast hits the ice beast.
Your ice beast freezes the ice beast.
The ice beast completely resists.
Your ice beast hits Fannar.
Your ice beast freezes Fannar.
Fannar resists.
Fannar blocks your attack.
Fannar is heavily wounded.
Fannar gestures wildly while chanting.
Fannar drains the heat from the surrounding environment!
You feel very cold.
* * * LOW HITPOINT WARNING * * *
Fannar is frozen.
Fannar resists.
The ice beast misses your ice beast.
Drink which item? (? for menu, Esc to quit)
It was a potion of haste.
You feel yourself speed up.
Cheibriados forgives your accidental hurry, just this once.
Your ice beast hits the ice beast but does no damage.
Fannar blocks your ice beast's attack.
Your ice beast closely misses Fannar.
Fannar casts a spell.
Fannar drains the heat from the surrounding environment!
You feel very cold.
You die...

..#.......#.......
#....#)......P.......
#....#.......P.......
#....#.......'.######
#............#.#
##....#.......#.#
#.Y..=........#.######
##.YYe#.......#.#P##.#
#...Y@#####.#.#.......
##....................
#.......#.##########.
#.......# #.
##.......## #.
#.........# #.
##.......## #.
#........# ##.
#.......## #P.


You could see Fannar, an ice beast and 3 friendly ice beasts.

Vanquished Creatures
  A hill giant (D:11)
  2 ice statues (D:11)
  An elephant (D:9)
  Maurice (D:8)
  A tengu conjurer (D:11)
  Prince Ribbit (D:6)
  4 ravens (D:11)
  11 yaks
  A wyvern (D:8)
  2 hippogriffs
  2 hungry ghosts (D:11)
  An alligator simulacrum (IceCv)
  2 sky beasts
  5 water moccasins
  27 ice beasts
  2 orc warriors
  5 porcupines (Lair:1)
  4 ogres
  A centaur (D:8)
  An eye of draining (D:10)
  A phantom (D:7)
  2 black bears
  2 crocodiles
  13 giant frogs
  14 killer bees
  A jelly (D:8)
  4 scorpions
  4 wights (D:9)
  5 electric eels (D:11)
  An elephant simulacrum (IceCv)
  7 crimson imps
  4 goliath beetles
  A centaur zombie (D:9)
  2 hounds
  A gnoll shaman (D:6)
  An orc priest (D:7)
  A giant frog skeleton (D:11)
  4 iguanas
  3 centaur skeletons
  9 orc wizards
  13 worker ants
  A killer bee zombie (D:10)
  5 sheep (Lair:1)
  5 mummies (Ossuary)
  2 worker ant zombies
  14 adders
  8 gnolls (D:6)
  A shadow imp (D:6)
  2 oozes (D:1)
  An adder skeleton (D:4)
  6 worms
  6 giant geckos
  29 orcs
  17 bats
  A bat zombie (D:5)
  A gnoll zombie (Ossuary)
  16 hobgoblins
  15 jackals
  11 kobolds
  9 quokkas
  3 ball pythons
  9 giant cockroaches
  A giant gecko zombie (D:6)
  6 giant newts
  A giant spore (D:7)
  11 goblins
  2 hobgoblin zombies (Ossuary)
  3 kobold zombies (Ossuary)
  An orc zombie (Ossuary)
  A quokka zombie (D:5)
  7 rats
  2 ballistomycetes (D:7)
365 creatures vanquished.

Vanquished Creatures (collateral kills)
  Sonja (Lair:1)
  3 hill giants
  An ugly thing (D:10)
  A queen bee (D:8)
  A deep elf mage (D:10)
  3 yaks
  An ogre (D:8)
  A black bear (D:7)
  A centaur (D:8)
  2 crocodiles
  3 giant frogs
  A scorpion (D:8)
  An electric eel (D:11)
  A wight (D:9)
  3 killer bees (D:8)
  A crimson imp (D:8)
  2 hounds (D:8)
  A centaur zombie (D:10)
  2 quasits (D:8)
  3 mummies (Ossuary)
  3 adders
  A shadow imp (D:8)
  2 orcs
  A hobgoblin zombie (Ossuary)
  A rat (D:8)
  2 ballistomycetes (D:7)
43 creatures vanquished.

Vanquished Creatures (others)
  15 ice beasts
15 creatures vanquished.

Grand Total: 423 creatures vanquished

Notes
Turn   | Place    | Note
--------------------------------------------------------------
     0 | D:1      | oplop, the Merfolk Ice Elementalist, began the quest for the Orb.
     0 | D:1      | Reached XP level 1. HP: 13/13 MP: 3/3
   434 | D:1      | Reached XP level 2. HP: 11/19 MP: 0/5
   724 | D:1      | Reached skill level 4 in Ice Magic
   724 | D:1      | Reached XP level 3. HP: 8/24 MP: 0/6
  1545 | D:2      | Reached XP level 4. HP: 20/30 MP: 2/7
  1596 | D:2      | Learned a level 3 spell: Ozocubu's Armour
  1599 | D:2      | Learned a level 2 spell: Throw Frost
  1608 | D:2      | Found Zin's Purification Station.
  1609 | D:2      | Found a glowing silver altar of Zin.
  1622 | D:2      | Bought a potion of curing for 90 gold pieces
  1656 | D:2      | Found a white marble altar of Elyvilon.
  2457 | D:3      | Reached skill level 1 in Fighting
  2548 | D:3      | Reached XP level 5. HP: 20/37 MP: 1/9
  2843 | D:3      | Noticed Grinder
  2871 | D:4      | Found a stormy altar of Qazlal.
  2990 | D:4      | Reached skill level 5 in Ice Magic
  3158 | D:4      | Learned a level 4 spell: Condensation Shield
  3179 | D:4      | Got a scorched pewter amulet
  3229 | D:4      | Reached XP level 6. HP: 24/46 MP: 5/11
  3240 | D:4      | Identified the amulet "Him Ciy" {rCorr +Blink rPois Dex+2} (You found it on level 4 of the Dungeon)
  3901 | D:4      | Reached XP level 7. HP: 51/53 MP: 9/13
  4046 | D:5      | Entered Level 5 of the Dungeon
  4368 | D:5      | Reached skill level 6 in Ice Magic
  5135 | D:6      | Found an opulent altar of Gozag.
  5135 | D:6      | Found a deep blue altar of Sif Muna.
  5248 | D:6      | Noticed Prince Ribbit
  5259 | D:6      | Killed Prince Ribbit
  5259 | D:6      | Reached skill level 5 in Spellcasting
  5259 | D:6      | Reached XP level 8. HP: 45/60 MP: 15/15
  5319 | D:6      | Noticed a hippogriff
  5333 | D:6      | Killed a hippogriff
  5333 | D:6      | Reached skill level 7 in Ice Magic
  5374 | D:6      | Found Feigg's Jewellery Shop.
  5520 | D:6      | Found a blossoming altar of Fedhas.
  5756 | D:7      | Found Hoeliati's Magic Scroll Shop.
  5761 | D:7      | Bought a scroll of teleportation for 42 gold pieces
  5761 | D:7      | Bought a scroll of magic mapping for 49 gold pieces
  5821 | D:7      | Reached skill level 5 in Polearms
  5928 | D:7      | Found a shadowy altar of Dithmenos.
  6044 | D:7      | Found a runed door.
  6047 | D:7      | Found a runed door.
  6064 | D:7      | Reached skill level 5 in Fighting
  6064 | D:7      | Reached XP level 9. HP: 58/68 MP: 18/18
  6211 | D:7      | Found a staircase to the Ecumenical Temple.
  6218 | D:7      | Reached skill level 8 in Ice Magic
  6303 | D:7      | Found a sand-covered staircase.
  6401 | D:7      | Learned a level 4 spell: Summon Ice Beast
  6406 | D:7      | Learned a level 4 spell: Throw Icicle
  6408 | Ossuary  | Entered an ossuary
  6714 | Temple   | Entered the Ecumenical Temple
  6907 | Temple   | Became a worshipper of Cheibriados the Contemplative
  7257 | D:7      | Noticed Joseph
  7358 | D:7      | Gained mutation: You heal slowly when monsters are visible. [mutagenic meat]
  7359 | D:7      | Gained mutation: You are partially covered in yellow scales (AC +2). [mutagenic meat]
  7360 | D:7      | Gained mutation: You can breathe flames. [mutagenic meat]
  7832 | D:8      | Reached skill level 1 in Invocations
  7947 | D:8      | Acquired Cheibriados's first power
  8425 | D:8      | Reached XP level 10. HP: 40/76 MP: 19/20
  8486 | D:8      | Reached skill level 9 in Ice Magic
  9201 | D:8      | Noticed Maurice
  9253 | D:8      | Killed Maurice
  9412 | D:9      | Acquired Cheibriados's second power
  9665 | D:9      | Found a staircase to the Lair.
  9670 | D:9      | Noticed an elephant
  9692 | D:10     | Entered Level 10 of the Dungeon
  9853 | D:10     | Reached skill level 5 in Invocations
  9999 | D:10     | Reached skill level 10 in Polearms
 10064 | D:10     | Noticed a green ugly thing
 10069 | D:10     | Acquired Cheibriados's third power
 10078 | D:10     | Killed a green ugly thing
 10086 | D:10     | Gained mutation: You are resistant to electric shocks. [mutagenic meat]
 10087 | D:10     | Gained mutation: You have supernaturally acute eyesight. [mutagenic meat]
 10088 | D:10     | Gained mutation: You are agile. (Dex +2) [mutagenic meat]
 10118 | D:10     | Noticed a hill giant
 10124 | D:10     | Killed a hill giant
 10124 | D:10     | Reached skill level 10 in Ice Magic
 10132 | D:10     | Reached XP level 11. HP: 81/81 MP: 11/23
 10448 | D:10     | Noticed Snorg
 10756 | D:9      | Found Wuugeq's General Store.
 10764 | D:9      | Bought a scroll of remove curse for 30 gold pieces
 10764 | D:9      | Bought a scroll of magic mapping for 35 gold pieces
 10764 | D:9      | Bought a scroll of teleportation for 30 gold pieces
 10886 | D:9      | Identified a scroll of acquirement
 11123 | D:9      | Killed an elephant
 11123 | D:9      | Reached skill level 11 in Polearms
 11356 | D:11     | Found a frozen archway.
 11356 | D:11     | Noticed an ice statue
 11364 | D:11     | Killed an ice statue
 11385 | IceCv    | Entered an ice cave
 11402 | IceCv    | HP: 1/81 [elephant simulacrum (15)]
 11852 | D:11     | Noticed an ice statue
 12124 | D:11     | Killed an ice statue
 12147 | D:11     | Noticed a frost giant
 12157 | D:11     | Noticed a hill giant
 12168 | D:11     | Killed a hill giant
 12202 | D:11     | Reached skill level 12 in Polearms
 12238 | D:11     | Noticed an ice dragon
 12282 | D:11     | Reached XP level 12. HP: 87/87 MP: 23/25
 12472 | D:11     | Noticed a hill giant
 12481 | D:11     | Killed a hill giant
 12481 | D:11     | Acquired Cheibriados's fourth power
 12932 | Lair:1   | Entered Level 1 of the Lair of Beasts
 12950 | Lair:1   | Noticed Sonja
 13190 | Lair:1   | Killed Sonja
 13386 | Lair:1   | Noticed Fannar
 13403 | Lair:1   | Killed from afar by Fannar

Action                   |  1- 3 |  4- 6 |  7- 9 | 10-12 || total
-------------------------+-------+-------+-------+-------++-------
Melee: Dagger            |    76 |   137 |   165 |       ||   378
       Whip              |       |       |    44 |       ||    44
       Spear             |       |       |     4 |       ||     4
       Trident           |       |       |   210 |   130 ||   340
       Halberd           |       |       |       |   369 ||   369
       Bardiche          |       |       |       |    44 ||    44
 Cast: Freeze            |    48 |   105 |    68 |    56 ||   277
       Throw Frost       |       |    14 |    13 |    15 ||    42
       Ozocubu's Armour  |       |     2 |    21 |    30 ||    53
       Condensation Shie |       |       |    15 |    29 ||    44
       Summon Ice Beast  |       |       |    12 |    50 ||    62
Invok: Slouch            |       |       |       |     3 ||     3
Evoke: Wand              |       |       |       |    11 ||    11
  Use: Potion            |       |     8 |       |     2 ||    10
       Scroll            |       |     1 |    12 |     8 ||    21
 Stab: Sleeping          |     1 |     6 |     5 |    16 ||    28
       Distracted        |       |       |       |     9 ||     9
  Eat: Chunk             |     3 |     5 |    12 |     9 ||    29
       Meat ration       |       |     1 |     1 |       ||     2
       Royal jelly       |       |       |     1 |     2 ||     3
       Fruit             |       |       |     1 |       ||     1
       Pizza             |       |       |     1 |       ||     1
       Beef jerky        |       |       |       |     1 ||     1
